 Dungeon Crawl Stone Soup version 0.23-a0-667-gc184e93 (console) character file.

777 Voker57 the Slasher (level 7, 0/52 HPs)
             Began as a Demonspawn Gladiator on Jan 8, 2019.
             Succumbed to an adder's poison
             ... on level 5 of the Dungeon.
             The game lasted 00:04:44 (3079 turns).

Voker57 the Slasher (Demonspawn Gladiator)          Turns: 3079, Time: 00:04:45

Health: 0/52       AC:  0    Str: 19    XL:     7   Next: 54%
Magic:  7/7        EV: 13    Int: 10    God:
Gold:   180        SH:  0    Dex: 16    Spells: 6/6 levels left

rFire    + . .     SeeInvis .   s - +0 scimitar
rCold    . . .     Gourm    .   (no shield)
rNeg     . . .     Faith    .   v - +0 ring mail (curse)
rPois    .         Spirit   .   c - +0 helmet
rElec    .         Reflect  .   (no cloak)
rCorr    .         Harm     .   (no gloves)
MR       .....                  (no boots)
Stlth    +.........             (no amulet)
HPRegen  0.17/turn              l - ring of protection from fire
MPRegen  0.10/turn              (no ring)

@: mighty, lethally poisoned (0 -> -3), corroded, berserk cooldown, very
slightly contaminated, slowed, very slow
A: hooves 2, thin metallic scales 1, spiny 2
a: no special abilities


You were on level 5 of the Dungeon.
You were not hungry.

You visited 1 branch of the dungeon, and saw 5 of its levels.

You collected 180 gold pieces.

Inventory:

Hand Weapons
 a - a +0 long sword
 s - a +0 scimitar (weapon)
Armour
 b - a +0 leather armour
 c - a +0 helmet (worn)
 v - a cursed +0 ring mail (worn)
Jewellery
 l - a ring of protection from fire (left hand)
Wands
 u - a wand of enslavement (8)
 w - a wand of digging (1)
Scrolls
 e - 3 scrolls of remove curse
 j - a scroll of magic mapping
 x - a scroll of identify
Potions
 p - a potion of invisibility
 t - a potion of berserk rage
Comestibles
 f - 11 rations


   Skills:
 + Level 3.2 Fighting
 * Level 6.6 Long Blades
 - Level 1.7 Throwing
 + Level 2.7 Armour
 + Level 3.4 Dodging
 + Level 1.4 Stealth


You had 6 spell levels left.
You didn't know any spells.
Your spell library was empty.

Dungeon Overview and Level Annotations

Branches:
Dungeon (5/15)
 Temple: D:4-7

Altars:
Kikubaaqudgha

Annotations:
D:5 1 runed door, Ijyb; feelmyfire's ghost, novice MiWr


Innate Abilities, Weirdness & Mutations

You have hoof-like feet.
You are partially covered in thin metallic scales. (AC +2)
You are mostly covered in sharp spines.


Message History

The adder is struck by your spines. The adder misses you.
You riposte.
You hit Your kick misses the adder.
The adder is heavily wounded.
You closely miss the adder.
The adder is heavily wounded.
* * * LOW HITPOINT WARNING * * *
You feel sick. The adder is struck by your spines.
The adder closely misses You riposte.
You closely miss the adder.
The adder is severely wounded.
The crimson imp is struck by your spines.
The crimson imp hits you.
* * * LOW HITPOINT WARNING * * *
The adder is struck by your spines.
You kill the adder!
The orc is struck by your spines. The orc completely misses you.
You riposte.
You slice the orc!!
You kill the orc!
You closely miss the crimson imp. Your kick misses the crimson imp.
The crimson imp is heavily wounded.
You die...

#.. ##..
#........ #...
#######.....<..#
#...
...............#
#...
....=.........(#
#...
.............%.#
#...
.......o.......#
#...
...s..5).......#
#...
.......@.......#
#...
........)......#
#...
.........#######
#... ##########
#... ####


You could see a scorpion, a crimson imp and an orc.

Vanquished Creatures
  Sigmund (D:5)
  Edmund (D:5)
  A bullfrog (D:5)
  Blork the orc (D:4)
  An orc priest (D:5)
  2 iguanas
  A bullfrog skeleton (D:4)
  3 worker ants
  5 adders
  7 gnolls
  An ooze (D:4)
  An adder zombie (D:5)
  2 worms (D:2)
  2 dart slugs
  2 leopard geckos (D:2)
  7 orcs
  5 giant cockroaches
  5 goblins
  5 hobgoblins
  A quokka (D:2)
  4 ball pythons
  9 bats
  A frilled lizard (D:3)
  9 kobolds
  7 rats
84 creatures vanquished.

Vanquished Creatures (others)
  A withered plant (D:5)
1 creature vanquished.

Grand Total: 85 creatures vanquished

Notes
Turn   | Place    | Note
-------+----------+-------------------------------------------
     0 | D:1      | Voker57 the Demonspawn Gladiator began the quest for the
                  | Orb.
     0 | D:1      | Reached XP level 1. HP: 16/16 MP: 1/1
   109 | D:1      | Reached skill level 3 in Long Blades
   184 | D:1      | Gained mutation: You are partially covered in thin metallic
                  | scales. (AC +2) [demonic ancestry]
   184 | D:1      | Reached XP level 2. HP: 21/22 MP: 2/2
   597 | D:2      | HP: 1/22 [worm (3)]
   601 | D:2      | Gained mutation: You have large cloven feet. [demonic
                  | ancestry]
   601 | D:2      | Reached XP level 3. HP: 2/27 MP: 3/3
  1351 | D:2      | Found an ancient bone altar of Kikubaaqudgha.
  1464 | D:2      | Reached skill level 4 in Long Blades
  1464 | D:2      | Reached skill level 1 in Armour
  1464 | D:2      | Gained mutation: You have hoof-like feet. [demonic
                  | ancestry]
  1464 | D:2      | Reached XP level 4. HP: 24/33 MP: 4/4
  2129 | D:4      | Gained mutation: You are partially covered in sharp spines.
                  | [demonic ancestry]
  2129 | D:4      | Reached XP level 5. HP: 39/39 MP: 5/5
  2581 | D:4      | Reached skill level 5 in Long Blades
  2641 | D:4      | Noticed Blork the orc
  2651 | D:4      | Killed Blork the orc
  2651 | D:4      | Reached XP level 6. HP: 43/46 MP: 6/6
  2716 | D:5      | Entered Level 5 of the Dungeon
  2724 | D:5      | Reached skill level 1 in Stealth
  2813 | D:5      | Found a runed door.
  2813 | D:5      | Noticed feelmyfire's ghost (novice MiWr)
  2885 | D:5      | Noticed Edmund
  3003 | D:5      | Killed Edmund
  3003 | D:5      | Reached skill level 6 in Long Blades
  3003 | D:5      | Gained mutation: You are mostly covered in sharp spines.
                  | [demonic ancestry]
  3003 | D:5      | Reached XP level 7. HP: 42/52 MP: 7/7
  3038 | D:5      | Noticed Sigmund
  3047 | D:5      | Killed Sigmund
  3051 | D:5      | Noticed Ijyb
  3077 | D:5      | HP: 2/52 [adder (4)]
  3079 | D:5      | Succumbed to an adder's poison

Vault maps used:
D:1:      psy_arrival_dodecagon
D:2:      kiku_gazebo_garden_becter, st_stairs_7
D:3:      first_ration
D:4:      uniq_blork_the_orc
D:5:      gammafunk_ghost_grave, uniq_sigmund, uniq_ijyb, uniq_edmund

Skill      XL: |  1  2  3  4  5  6 |
---------------+-------------------+-----
Long Blades    | 3 4 5 6 |  6.6
Armour         | 1 2 |  2.7
Dodging        | 3 |  3.4
Stealth        | 1 |  1.4
Fighting       | 3 |  3.2
Throwing       | |  1.7

Action                   |  1- 3 |  4- 6 |  7- 9 || total
-------------------------+-------+-------+-------++-------
Melee: Long sword        |   109 |    59 |       ||   168
       Kick              |     8 |    42 |     1 ||    51
       Scimitar          |       |    59 |     9 ||    68
Throw: Throwing net      |     3 |     2 |       ||     5
  Use: Scroll            |     3 |     4 |     3 ||    10
       Potion            |       |     6 |     4 ||    10
 Stab: Held in net/web   |     1 |     1 |       ||     2
       Sleeping          |     1 |       |       ||     1
       Invisible         |       |     1 |     1 ||     2
  Eat: Chunk             |     1 |     6 |       ||     7
Armor: Leather armour    |    31 |    19 |       ||    50
       Ring mail         |       |    23 |     1 ||    24
Dodge: Dodged            |    75 |    86 |     9 ||   170
       Rpst.: Long sword |    17 |    19 |       ||    36
       Scimitar          |       |     7 |     6 ||    13

Table legend:
 A = Non-vault XP
 B = Vault XP
 C = Vault XP percentage of total XP
 D = Non-vault monster count
 E = Vault monster count
 F = Vault count percentage of total count
                 A         B        C        D         E       F
            +---------+---------+-------+---------+---------+-------
      Total |     635 |     475 |  42.8 |      79 |       5 |   6.0
            +---------+---------+-------+---------+---------+-------
        D:1 |      20 |       0 |   0.0 |      15 |       0 |   0.0
        D:2 |      92 |       6 |   6.1 |      20 |       2 |   9.1
        D:3 |      76 |       0 |   0.0 |      19 |       0 |   0.0
        D:4 |     156 |      91 |  36.8 |      11 |       1 |   8.3
        D:5 |     291 |     378 |  56.5 |      14 |       2 |  12.5
            +---------+---------+-------+---------+---------+-------
